 Dungeon Crawl Stone Soup version 0.18-b1-14-g029dad2 (webtiles) character file.

273 Alarkh the Grave Robber (level 6, -1/41 HPs)
             Began as a Mummy Necromancer on Apr 30, 2016.
             Slain by Blork the orc
             ... wielding a +0 trident
              (8 damage)
             ... on level 4 of the Dungeon.
             The game lasted 00:07:33 (4295 turns).

Alarkh the Grave Robber (Mummy Necromancer)         Turns: 4295, Time: 00:07:34

Health: -1/41      AC:  9    Str: 11    XL:     6   Next: 3%
Magic:  0/12       EV: 12    Int: 17    God:
Gold:   135        SH:  0    Dex: 12    Spells: 3 memorised, 5 levels left

rFire  x . .     SeeInvis .     m - -2 spear (curse)
rCold  + . .     Gourm    .     a - +1 robe
rNeg   + + +     Faith    .     (no shield)
rPois  ∞         Spirit   .     c - +2 helmet
rElec  .         Dismiss  .     (no cloak)
rCorr  .         Reflect  .     r - +2 pair of gloves
SustAt .         Harm     .     (no boots)
MR     .....                    (no amulet)
Stlth  ++........               (no ring)
                                (no ring)

@: not resistant to hostile enchantments, unstealthy
A: no food or potions, fire vulnerability, cold resistance 1, negative energy
resistance 3, torment resistance, unbreathing
a: no special abilities


You were on level 4 of the Dungeon.
You were not hungry.

You visited 1 branch of the dungeon, and saw 4 of its levels.

You collected 135 gold pieces.

Inventory:

Hand Weapons
 d - a +0 dagger of speed
 j - a cursed -1 dagger
 l - a +0 hand axe
 m - a cursed -2 spear (weapon)
 n - a +0 halberd
 q - a +0 spear
Armour
 a - a +1 robe (worn)
 c - a +2 helmet (worn)
 r - a +2 pair of gloves (worn)
Wands
 o - a wand of flame (0/48)
Scrolls
 e - 2 scrolls of fear
 f - 2 scrolls of noise
 g - a scroll of blinking
 h - a scroll of enchant weapon
 k - 3 scrolls of teleportation
 p - 2 scrolls of identify
 s - a scroll of amnesia
Books
 b - a book of Necromancy

   Spells                             Type                      Level
   a - Pain                           Necromancy                   1
   b - Animate Skeleton               Necromancy                   1
   c - Vampiric Draining              Necromancy                   3
   d - Regeneration                   Charms/Necromancy            3
   e - Animate Dead                   Necromancy                   4
   f - Control Undead                 Necromancy                   4


   Skills:
 - Level 1.5 Dodging
 - Level 1.5 Stealth
 + Level 4.4 Spellcasting
 + Level 5.8 Necromancy


You had 5 spell levels left.
You knew the following spells:

 Your Spells              Type           Power        Failure   Level  Hunger
a - Pain                  Necr           ###.         1%          1    N/A
b - Vampiric Draining     Necr           ###.......   6%          3    N/A
c - Control Undead        Necr           ###.......   17%         4    N/A

Dungeon Overview and Level Annotations

Branches:
Dungeon (4/15)
 Temple: D:4-7

Altars:
Ashenzari
Cheibriados
Okawaru
Pakellas
Xom

Annotations:
D:3 juanjsm's ghost, amateur SpEn
D:4 Blork the orc


Innate Abilities, Weirdness & Mutations

You do not eat or drink.
Your flesh is vulnerable to fire.
You are immune to poison.
Your flesh is cold resistant.
You are immune to negative energy.
You are immune to unholy pain and torment.
You can survive without breathing.


Message History

Blork the orc hits you but does no damage.
Blork the orc hits you with a trident.
Casting: Pain
Confirm with . or Enter, or press ? or * to list all spells.
Aiming: Pain
Press: ? - help, Shift-Dir - straight line, f/p - Blork the orc
Aim: Blork the orc, wielding a trident and wearing a robe (almost dead, fast, chance to defeat MR: 83%) Blork the orc barely resists.
Blork the orc hits you with a trident!
* * * LOW HITPOINT WARNING * * *
You hit Blork the orc but do no damage.
Blork the orc is almost dead.
Blork the orc hits you but does no damage.
Blork the orc closely misses you.
You barely miss Blork the orc.
Blork the orc is almost dead.
Blork the orc misses you.
You closely miss Blork the orc.
Blork the orc is almost dead.
Blork the orc hits you with a trident!
You die...

#.# #.#
#.# #.#
#.# #.#
#.#
#.#######.
#.@o......
##########


You could see Blork the orc.

Vanquished Creatures
  Ijyb (D:1)
  A worker ant (D:3)
  5 gnolls
  3 adders
  4 worms
  A dart slug (D:2)
  3 giant geckos
  3 orcs
  11 bats
  2 giant cockroaches (D:2)
  8 goblins
  3 hobgoblins
  3 jackals
  8 kobolds
  3 quokkas
  2 ball pythons
  7 giant newts
  7 rats
75 creatures vanquished.

Notes
Turn   | Place    | Note
--------------------------------------------------------------
     0 | D:1      | Alarkh the Mummy Necromancer began the quest for the Orb.
     0 | D:1      | Reached XP level 1. HP: 13/13 MP: 3/3
   396 | D:1      | Reached XP level 2. HP: 17/19 MP: 0/5
   945 | D:1      | Reached XP level 3. HP: 23/24 MP: 0/7
   950 | D:1      | Learned a level 3 spell: Vampiric Draining
  1222 | D:2      | Noticed Ijyb
  1254 | D:1      | Killed Ijyb
  1331 | D:2      | Reached XP level 4. HP: 30/30 MP: 5/8
  1339 | D:2      | Found an iron altar of Okawaru.
  2140 | D:2      | Reached skill level 5 in Necromancy
  2629 | D:3      | Noticed juanjsm's ghost (amateur SpEn)
  2796 | D:3      | Found an oddly glowing altar of Pakellas.
  3061 | D:3      | Found a snail-covered altar of Cheibriados.
  3092 | D:3      | Found a shimmering altar of Xom.
  3214 | D:3      | Reached XP level 5. HP: 32/35 MP: 7/10
  3362 | D:3      | Found a shattered altar of Ashenzari.
  3842 | D:3      | Learned a level 4 spell: Control Undead
  4242 | D:4      | Reached XP level 6. HP: 36/41 MP: 6/12
  4272 | D:4      | Noticed Blork the orc
  4295 | D:4      | Slain by Blork the orc

Skill      XL: |  1  2  3  4  5 |
---------------+----------------+-----
Spellcasting   | 3 4 |  4.4
Necromancy     | 5 |  5.8
Dodging        | |  1.5
Stealth        | |  1.5

Action                   |  1- 3 |  4- 6 || total
-------------------------+-------+-------++-------
Melee: Unarmed           |    35 |       ||    35
       Dagger            |       |    56 ||    56
       Hand axe          |       |    47 ||    47
       Spear             |       |    76 ||    76
Throw: Throwing net      |       |     1 ||     1
 Cast: Pain              |    48 |   115 ||   163
       Vampiric Draining |       |     8 ||     8
  Use: Scroll            |       |     9 ||     9
 Stab: Held in net/web   |       |     1 ||     1
Armor: Robe              |    13 |    89 ||   102
Dodge: Dodged            |    34 |   138 ||   172
